cohdb
Replays
Latest Replays
All Replays
Popular Replays
Top Player Replays
Match Explorer
How It Works
Community
CoH3 Stats
Reddit
Sign in to upload your games and track your stats! →
Sign in with Steam
Match 45588028
Unlisted
Match 45588028
Overview
Messages
Build Orders
End
Construct Infanterie Kompanie
Kettenkrad Recon Vehicle
MG 42 Machine Gun Team
Selects Mechanized Battlegroup
Selects Mechanized Battlegroup
Grenadier Squad
GrW 34 Mortar Team
Construct Luftwaffe Kompanie
Selects Spotting Scopes
Jäger Squad
Support Elements
Medical Station
Wirbelwind Flakpanzer
Selects Raid Package
Eachen
精锐悍匪梅蓝天
Shadow Creed
快速魔头号
XuZhongwei
Ashuin
CPU - VERY EASY
3+++
0
0
Comments
sign in to comment!
No comments posted yet!